 Dungeon Crawl Stone Soup version 0.32-a0-616-g9348d4545b (webtiles) character file.

Game seed: 7155240061563570605

17861 backslashecho the Grappler (level 12, -1/114 HPs)
             Began as a Red Draconian Shapeshifter on Mar 5, 2024.
             Was a Follower of Beogh.
             Slain by Erica
             ... wielding a +3 scimitar of flaming
              (10 damage)
             ... on level 1 of the Lair of Beasts.
             The game lasted 00:43:30 (15908 turns).

backslashecho the Grappler (DrSh)                  Turns: 15908, Time: 00:43:31

Health: -1/114     AC:  8    Str: 23    XL:     12   Next: 22%
Magic:  25/25      EV: 13    Int: 14    God:    Beogh [*.....]
Gold:   372        SH:  0    Dex: 17    Spells: 11/11 levels left

rFire   + .          .
                       - Unarmed
rCold   + . .        (shield currently unavailable)
rNeg    . . .        (body armour unavailable)
rPois   +            n - melded +2 hat
rElec   +            u - melded +1 cloak
rCorr   .            (gloves currently unavailable)
SInv    .            f - melded +0 pair of boots {Stlth+}
Will    .....        (no amulet)
Stlth   ++           s - ring of Vaalee {rElec MP+9 Dex+3}
HPRegen 0.39/turn    O - ring "Juhib" {rF+ rC+ Int+3}
MPRegen 0.19/turn

%: no passive effects
@: snake-form, slowed, very slow
A: constrict, boosted hp, (combustion breath), AC +8, large, unfitting armour,
(fire resistance 1), (cold-blooded)
a: Begin Untransformation, Renounce Religion


You were on level 1 of the Lair of Beasts.
You worshipped Beogh.
Beogh was aware of your devotion.
You were an enormous serpent.
You visited 2 branches of the dungeon, and saw 13 of its levels.
You also visited: Gauntlet.

You collected 1004 gold pieces.
You spent 632 gold pieces at shops.

Inventory:

Missiles
 y - 11 poisoned darts (quivered)
Armour
 f - a +0 pair of boots of stealth (melded)
 n - a +2 hat (melded)
 u - a +1 cloak (melded)
Jewellery
 k - a ring of flight
 s - the ring of Vaalee (left hand) {rElec MP+9 Dex+3}
   (You found it in a Gauntlet)

   [ring of magical power]

   Dex+3:     It affects your dexterity (+3).
   rElec:     It insulates you from electricity.
   MP+9:      It affects your magic capacity (+9).
 v - a ring of resist corrosion
 G - a ring of positive energy
 N - a ring of poison resistance
 O - the ring "Juhib" (right hand) {rF+ rC+ Int+3}
   (You bought it in a shop on level 7 of the Dungeon)

   [ring of intelligence]

   Int+3:     It affects your intelligence (+3).
   rF+:       It protects you from fire.
   rC+:       It protects you from cold.
Talismans
 b - a beast talisman
 c - a flux talisman
 i - a storm talisman
 E - a serpent talisman (active)
 I - a granite talisman
Wands
 t - a wand of acid (3)
 x - a wand of mindburst (7)
 A - a wand of polymorph (6)
 K - a wand of paralysis (6)
Scrolls
 l - 3 scrolls of fog
 m - a scroll of enchant armour
 o - a scroll of fear
 q - 3 scrolls of teleportation
 r - 2 scrolls of blinking
 w - a scroll of silence {unknown}
 z - a scroll of amnesia {unknown}
 B - a scroll of noise {unknown}
 C - a scroll of vulnerability {unknown}
 D - a scroll of identify
Potions
 a - 2 potions of enlightenment
 d - 2 potions of resistance
 g - a potion of haste {unknown}
 j - a potion of mutation
 p - 6 potions of curing
 F - a potion of might
 H - a potion of brilliance {unknown}
 J - 2 potions of attraction
 M - a potion of ambrosia {unknown}
 Q - a potion of berserk rage
Miscellaneous
 h - a tin of tremorstones (2/2)
 L - a lightning rod (3/4)
 P - a sack of spiders


   Skills:
 - Level 9.0 Fighting
 + Level 7.2 Dodging
 + Level 13.5 Unarmed Combat
 - Level 5.6 Invocations
 + Level 9.2 Shapeshifting


You had 11 spell levels left.
You didn't know any spells.
Your spell library contained the following spells:

 Spells                   Type           Power      Damage    Failure   Level
 Freeze                   Ice            0%         1d3       28%         1
 Slow                     Hex            0%         N/A       28%         1
 Ensorcelled Hibernation  Hex/Ice        0%         N/A       41%         2
 Confusing Touch          Hex            0%         N/A       65%         3
 Frozen Ramparts          Ice            0%         1d1       65%         3
 Hailstorm                Conj/Ice       0%         3d5       65%         3
 Sigil of Binding         Hex            0%         N/A       65%         3
 Vampiric Draining        Necr           0%         2d6       65%         3
 Volatile Blastmotes      Fire/Tloc      0%         2d10      65%         3
 Cause Fear               Hex            0%         N/A       96%         4
 Manifold Assault         Tloc           0%         N/A       96%         4
 Fireball                 Conj/Fire      0%         3d3       100%        5
 Metabolic Englaciation   Hex/Ice        0%         N/A       100%        5
 Summon Forest            Summ/Tloc      0%         N/A       100%        5
 Dispersal                Tloc           0%         N/A       100%        6
 Sculpt Simulacrum        Ice/Alch       0%         N/A       100%        6
 Ozocubu's Refrigeration  Ice            0%         4d7       100%        7
 Chain Lightning          Conj/Air       0%         N/A       100%        9
 Dragon's Call            Summ           0%         N/A       100%        9
 Fire Storm               Conj/Fire      0%         5d1       100%        9
 Shatter                  Erth           0%         3d5*      100%        9


Dungeon Overview and Level Annotations

Branches:
Dungeon (12/15)            Temple (0/1) D:7            Lair (1/5) D:9
    Orc (0/2) D:12        Gauntlet (visited)

Altars:
Cheibriados
Elyvilon
Gozag
Kikubaaqudgha
Makhleb
Qazlal
Ru
Trog
Uskayaw
Vehumet
Wu Jian
Xom
The Shining One

Shops:
D:3 =   D:7 =   D:11 (:(

Annotations:
D:6 exclusion: statue
D:9 1 runed translucent door, exclusion: door, horus123's ghost, novice DsGl
Lair:1 Erica


Innate Abilities, Weirdness & Mutations

You are an enormous serpent.
You have a powerful constriction melee attack.
Your maximum health is increased.
Your armour is entirely melded.
You are incapable of wielding weapons or throwing items.
Your facial features look somewhat orcish.
((You can breathe blasts of explosive embers.))
((Your fiery red scales are hard. (AC +8)))
You cannot fit into any form of body armour.
((Your flesh is heat resistant. (rF+)))
((You are cold-blooded and may be slowed by cold attacks.))


Message History

No target in view!
HP restored.
Items here: )) [ †.
Found a scale mail.
Health restored: 114 A cane toad comes into view.
Found a leather armour.
You barely miss the cane toad. Your grab misses the cane toad.
The cane toad misses you.
You hit the cane toad but do no damage. You grab the cane toad.
You constrict the cane toad. The cane toad stings you.
You take 5 damage, and have 109/114 hp.
You lash the cane toad!
The cane toad is moderately wounded.
You constrict the cane toad. The cane toad stings you.
You take 4 damage, and have 105/114 hp.
You body-slam the cane toad!!
You kill the cane toad!
Beogh accepts your kill.
No target in view!
Found 19 gold pieces.
You see here a cane toad corpse.
No target in view!
Found a dagger and a stone.
You now have 372 gold pieces (gained 19).
Health restored: 114 You see here a +0 leather armour.
You pick up the Notes on the Blizzard and begin reading...
It was the Notes on the Blizzard.
You add the spells Ensorcelled Hibernation, Metabolic Englaciation, Sculpt Simulacrum and Ozocubu's Refrigeration to your library.
Erica the Fiery-Tempered comes into view.
She is wielding a +3 scimitar of flaming.
Found 5 stones.
Erica casts a spell.
Erica flickers and vanishes!
Deactivating autopickup; reactivate with Ctrl-A.
No target in view!
You feel yourself slow down.
You start waiting.
You hear some strange, mumbled words.
A bolt of poison appears from out of thin air!
The bolt of poison hits you!
You are poisoned.
You resist.
You take 11 damage, and have 103/114 hp.
You feel extremely sick.
You take 8 damage, and have 95/114 hp.
You lash something!
You feel very sick. Something hits you. Something burns you.
You take 13 damage, and have 82/114 hp.
You barely miss something.
You feel very sick. Something hits you! Something burns you.
You take 12 damage, and have 70/114 hp.
You miss something.
You feel sick. Something hits you.
You take 3 damage, and have 67/114 hp.
You lash something!
You feel very sick.
You hear some strange, mumbled words.
You feel as though you will be slow longer.
Something hits you. Something burns you.
You take 9 damage, and have 58/114 hp.
You lash something!
You feel sick. Something hits you.
You take 5 damage, and have 53/114 hp.
You closely miss something.
You feel sick. Something hits you.
You take 4 damage, and have 49/114 hp.
You miss something.
You feel sick.
You hear some strange, mumbled words.
You feel as though you will be slow longer.
You take 1 damage, and have 48/114 hp.
You barely miss something.
You feel sick. Something hits you. Something burns you.
You take 7 damage, and have 41/114 hp.
You miss something.
You feel sick. Something hits you. Something burns you.
* * * LOW HITPOINT WARNING * * *
Something hits you.
* * * LOW HITPOINT WARNING * * *
You take 13 damage, and have 28/114 hp.
Okay, then.
Unknown command.
Unknown command.
Okay, then.
Unknown command.
Okay, then.
Aiming: Thunderbolt
Press: ? - help, Shift-Dir - straight line The thunderbolt hits something!
You feel sick.
You are no longer poisoned.
You hear a loud, deep croak! x3
Something hits you!!
* * * LOW HITPOINT WARNING * * *
Something burns you.
* * * LOW HITPOINT WARNING * * *
You take 25 damage, and have 3/114 hp.
MASSIVE DAMAGE!!
You feel much better. Something hits you!
* * * LOW HITPOINT WARNING * * *
Something burns you.
* * * LOW HITPOINT WARNING * * *
Something hits you!
You die...

# ............... #.
#............. ##..
##.####..##...
#...##..............
..#.....[...........#
....................#
.#.####..###...#...## #
#..{###..##.....
#####...S.....# ....
.................(...
........†####..#..
.#####.#.## ..#.. .. ###..#
# ...###### #.P#
........###.## .
.......##..###..............
. ..#..#.#.#...#............


There were no monsters in sight!

Vanquished Creatures
  A minotaur (Gauntlet)
  4 two-headed ogres
  A tengu warrior (D:10)
  A necromancer (Gauntlet)
  A deep elf pyromancer (D:12)
  An orc knight (D:11)
  2 manticores
  A cyclops (D:10)
  Joseph (Lair:1)
  A black mamba (Lair:1)
  A gargoyle (D:11)
  A cane toad (Lair:1)
  Jeremiah (Lair:1)
  An unseen horror (D:12)
  Maggie (D:9)
  A komodo dragon (D:10)
  4 trolls
  2 raiju (D:7)
  A hornet (D:10)
  Sigmund (D:4)
  2 shadows
  7 yaks
  6 vampire mosquitoes (D:11)
  A steam dragon (D:9)
  3 swamp worms (Gauntlet)
  2 acid dragons
  A water moccasin (D:7)
  An ice beast (D:7)
  11 orc warriors
  2 sky beasts (D:6)
  5 ogres
  5 wolves
  11 centaurs
  A phantom (D:6)
  2 kobold brigands
  3 bullfrogs
  A gnoll sergeant (D:10)
  A scorpion (D:6)
  6 killer bees
  7 electric eels
  A howler monkey (D:8)
  2 bombardier beetles (D:6)
  3 hounds
  3 jellies
  2 gnoll boudas
  7 orc priests
  2 sleepcaps
  4 iguanas
  8 orc wizards
  Robin (D:2)
  10 adders
  8 gnolls
  A shadow imp (D:6)
  7 white imps
  2 ufetubi (D:6)
  4 dart slugs
  17 orcs
  7 endoplasms
  6 giant cockroaches
  13 goblins
  14 hobgoblins
  5 jackals
  15 kobolds
  3 quokkas
  4 ball pythons
  8 bats
  2 frilled lizards
  5 rats
270 creatures vanquished.

Vanquished Creatures (others)
  An arcanist (D:7)
  2 orc warriors
  A black bear (D:5)
  A hound (D:5)
  4 orc priests
  2 orc wizards
  13 orcs
24 creatures vanquished.

Grand Total: 294 creatures vanquished

Notes
Turn   | Place    | Note
-------+----------+-------------------------------------------
     0 | D:1      | backslashecho the Draconian Shapeshifter began the quest
                  | for the Orb.
     0 | D:1      | Reached XP level 1. HP: 16/16 MP: 1/1
   300 | D:1      | Reached XP level 2. HP: 23/23 MP: 2/2
   953 | D:2      | Reached XP level 3. HP: 29/29 MP: 3/3
   959 | D:2      | Noticed Robin
   981 | D:1      | Reached skill level 4 in Unarmed Combat
  1010 | D:2      | Killed Robin
  1310 | D:2      | Reached XP level 4. HP: 37/37 MP: 4/4
  1872 | D:3      | Found a stormy altar of Qazlal.
  2090 | D:3      | Found Aghil's Jewellery Boutique.
  2361 | D:4      | Reached XP level 5. HP: 35/45 MP: 5/5
  2365 | D:4      | Reached skill level 5 in Unarmed Combat
  2506 | D:4      | Noticed an ogre
  2523 | D:4      | Found a sacrificial altar of Ru.
  2526 | D:4      | Identified the +1 ring mail of the Tundras {-Tele Fly MP+9
                  | Int+3}
  2551 | D:4      | Noticed Sigmund
  2688 | D:5      | Entered Level 5 of the Dungeon
  2689 | D:5      | Became a worshipper of Beogh the Shepherd
  2691 | D:5      | Noticed a black bear
  2717 | D:5      | Killed a black bear
  2718 | D:5      | Reached skill level 1 in Invocations
  2808 | D:5      | Noticed a centaur
  2816 | D:5      | Killed a centaur
  2817 | D:5      | Reached XP level 6. HP: 14/52 MP: 5/7
  3238 | D:5      | Reached skill level 6 in Unarmed Combat
  3536 | D:5      | Found a hide-covered altar of Uskayaw.
  3718 | D:5      | Identified the +9 spear of Raecah Mine {venom, rF+ Will-
                  | Int+3}
  3851 | D:6      | Your scales start taking on a fiery red colour.
  3851 | D:6      | Reached XP level 7. HP: 56/60 MP: 8/8
  3851 | D:6      | Gained mutation: Your flesh is heat resistant. (rF+) [Red
                  | Draconian growth]
  4235 | D:6      | Found a shimmering altar of Xom.
  4284 | D:6      | Found a radiant altar of Vehumet.
  4436 | D:6      | Reached skill level 7 in Unarmed Combat
  4446 | D:6      | Reached skill level 5 in Fighting
  4569 | D:6      | Noticed a boulder beetle
  4891 | D:6      | Reached * piety under Beogh
  4909 | D:6      | Reached XP level 8. HP: 68/68 MP: 10/10
  5043 | D:6      | Found a burning altar of Makhleb.
  5181 | D:6      | Reached skill level 8 in Unarmed Combat
  5717 | D:7      | Reached skill level 5 in Invocations
  6484 | D:7      | Found a staircase to the Ecumenical Temple.
  6548 | D:7      | Found Hewnaci's One-of-a-Kind Rings.
  6629 | D:7      | Reached skill level 9 in Unarmed Combat
  6714 | D:7      | Noticed a raiju
  6756 | D:7      | Found a bloodstained altar of Trog.
  6757 | D:7      | Noticed a wizard
  6763 | D:7      | Killed a wizard
  6842 | D:7      | Reached XP level 9. HP: 71/78 MP: 13/13
  7291 | D:8      | Found a glowing golden altar of the Shining One.
  7291 | D:8      | Found a white marble altar of Elyvilon.
  7292 | D:8      | Found a snail-covered altar of Cheibriados.
  7538 | D:8      | Reached ** piety under Beogh
  7835 | D:8      | Found an ancient bone altar of Kikubaaqudgha.
  7877 | D:8      | Found an ornate altar of the Wu Jian Council.
  7985 | D:8      | Reached skill level 10 in Unarmed Combat
  8539 | D:9      | Noticed a two-headed ogre
  8715 | D:8      | Killed a two-headed ogre
  8778 | D:9      | Found a staircase to the Lair.
  8788 | D:9      | Reached XP level 10. HP: 88/88 MP: 14/14
  8814 | D:9      | Reached skill level 5 in Shapeshifting
  8990 | D:9      | Noticed Maggie
  9006 | D:9      | Killed Maggie
  9007 | D:9      | Reached skill level 11 in Unarmed Combat
  9222 | D:9      | Found a runed translucent door.
  9223 | D:9      | Noticed horus123's ghost (novice DsGl)
  9223 | D:9      | Identified the +3 trident of Setailah {vamp, rN+ MP+9 SInv}
  9441 | D:10     | Entered Level 10 of the Dungeon
  9743 | D:10     | Noticed a manticore
 10088 | D:10     | Killed a manticore
 10089 | D:10     | Reached skill level 9 in Fighting
 10468 | D:10     | Found an opulent altar of Gozag.
 11489 | D:11     | Noticed a cyclops
 11587 | D:11     | Noticed a tengu warrior
 11593 | D:10     | Killed a tengu warrior
 11594 | D:10     | Reached skill level 12 in Unarmed Combat
 11809 | D:10     | Killed a cyclops
 11810 | D:10     | Reached XP level 11. HP: 47/97 MP: 15/15
 12379 | D:11     | Noticed a +0 lajatang
 12381 | D:11     | Found Bogeik's Weapon Emporium.
 12383 | D:11     | Noticed a +0 giant club
 12492 | D:11     | Noticed a two-headed ogre
 12501 | D:11     | Noticed an orc knight
 12509 | D:11     | Killed a two-headed ogre
 12512 | D:11     | Killed an orc knight
 12536 | D:11     | Reached skill level 5 in Dodging
 12707 | D:11     | Found Ovuott's Antique Weapon Shoppe.
 12966 | D:11     | Found Fuathre's Book Shop.
 13181 | D:12     | Noticed a tengu warrior
 13181 | D:12     | Noticed a seven-headed hydra
 13181 | D:12     | Noticed a two-headed ogre
 13181 | D:12     | Noticed a two-headed ogre
 13186 | D:12     | Noticed a deep elf pyromancer
 13196 | D:11     | Killed a two-headed ogre
 13485 | D:12     | Killed a deep elf pyromancer
 13510 | D:12     | Reached skill level 13 in Unarmed Combat
 13516 | D:12     | Found a gate leading to a gauntlet.
 13517 | D:12     | Noticed a two-headed ogre
 13527 | D:12     | Killed a two-headed ogre
 13532 | Gauntlet | Entered a Gauntlet
 13532 | Gauntlet | Noticed a catoblepas
 13532 | Gauntlet | Found a transporter.
 13532 | Gauntlet | Found a transporter.
 13535 | Gauntlet | Noticed a necromancer
 13670 | Gauntlet | Found a transporter.
 13673 | Gauntlet | Found a transporter.
 13685 | Gauntlet | Found a transporter.
 13689 | Gauntlet | Found a transporter.
 13696 | Gauntlet | Found a transporter.
 13706 | Gauntlet | Noticed a wretched star
 13709 | Gauntlet | Found a transporter.
 13724 | Gauntlet | Found a transporter.
 13728 | Gauntlet | Found a transporter.
 13737 | Gauntlet | Found a transporter.
 13740 | Gauntlet | Found a transporter.
 13921 | Gauntlet | Killed a necromancer
 14204 | Gauntlet | Identified the +1 leather armour "Hiomo" {-Tele rN+++
                  | Stlth+}
 14205 | Gauntlet | Identified the ring of Vaalee {rElec MP+9 Dex+3}
 14352 | Gauntlet | Identified the +1 short sword "Sithod" {pain, *Rage MP+9
                  | Int+3 Dex+2}
 14352 | Gauntlet | Noticed a minotaur
 14363 | Gauntlet | Killed a minotaur
 14364 | Gauntlet | Reached XP level 12. HP: 102/104 MP: 16/16
 14371 | Gauntlet | Got the Precepts of Elsewhere
 14868 | D:4      | Identified the +7 orcbow of the Final Decision {elec, rElec
                  | Dex+3}
 14922 | D:4      | Killed Sigmund
 15316 | D:3      | Bought a ring of poison resistance for 260 gold pieces
 15425 | D:7      | Bought the ring "Juhib" {rF+ rC+ Int+3} for 372 gold pieces
 15494 | Lair:1   | Entered Level 1 of the Lair of Beasts
 15504 | Lair:1   | Reached skill level 9 in Shapeshifting
 15658 | Lair:1   | Noticed Jeremiah
 15677 | Lair:1   | Killed Jeremiah
 15725 | Lair:1   | Noticed Joseph
 15744 | Lair:1   | Killed Joseph
 15884 | Lair:1   | Got the Notes on the Blizzard
 15885 | Lair:1   | Noticed Erica
 15907 | Lair:1   | HP: 3/114 [something (5)]
 15908 | Lair:1   | Slain by Erica

Illustrated notes

Levels and vault maps discovered:
D:1:      eino_arrival_tree_alley, layout_basic, hangedman_feature_mirror,
          minmay_pentomino_q2
D:2:      layout_basic, grunt_ministairs_9, uniq_robin
D:3:      layout_loops_cross, nicolae_qazlal_eye_of_the_storm, serial_shops,
          shop
D:4:      layout_rooms, nicolae_ru_sacrificial_ziggurat, serial_bayou_pond_e,
          uniq_sigmund
D:5:      layout_loops_ring, nicolae_uskayaw_dance_hall
D:6:      cheibrodos_barr_body, layout_gridville, overflow_temple_1_default,
          vehumet_statue, mainiacjoe_overflow_alcove_2,
          hangedman_decor_diamond_cutter
D:7:      layout_rooms, trog_wizard, temple_statues, nicolae_shop_unique_rings,
          chequers_avenue, st_stairs_14, nicolae_have_a_lightning_rod
D:8:      layout_cave_pools, mainiacjoe_overflow_cross_hatched,
          nicolae_overflow_hidden_temple, serial_ice, serial_ice_d,
          serial_ice_h, serial_ice_a, serial_ice_j
D:9:      layout_basic, dpeg_oklobed_lair, ebering_ghost_funeral_grove,
          uniq_maggie
D:10:     layout_gridville, grunt_gozag_breadcrumbs
D:11:     layout_roguey [special_room_orc], serial_shops,
          nicolae_shop_mannequins, nicolae_shop_stone,
          nicolae_shop_back_alley_shop
D:12:     minmay_blocking_statues, layout_cave_pools, hiddenorc1_lemuel,
          serial_glass, glass_columns_b, glass_columns_a,
          gauntlet_entry_generic, uniq_josephine
Lair:1:   layout_gridlike, chequers_serial_rivers_small_a,
          chequers_serial_rivers_room_a, infiniplex_staircase_pool, uniq_urug,
          uniq_jeremiah, uniq_erica, uniq_joseph

Skill      XL: |  1  2  3  4  5  6  7  8  9 10 11 12 |
---------------+-------------------------------------+-----
Dodging        | 2 3 6 7 |  7.2
Fighting       | 2 3 4 5 6 8 9 |  9.0
Unarmed Combat | 4 5 6 7 9 10 12 13 | 13.5
Invocations    | 1 2 3 5 |  5.6
Shapeshifting  | 4 6 8 9 |  9.2

Action                     |  1- 3 |  4- 6 |  7- 9 | 10-12 || total
---------------------------+-------+-------+-------+-------++-------
  Melee: Unarmed           |   113 |   158 |   320 |   322 ||   913
         Tailslap          |    10 |    26 |    46 |    63 ||   145
         Punch             |     1 |     3 |    13 |     9 ||    26
         Constrict         |       |       |       |     4 ||     4
  Throw: Dart              |       |       |     2 |     9 ||    11
 Invoke: Convert to Beogh  |       |     1 |       |       ||     1
         Smiting           |       |       |     3 |    23 ||    26
Ability: Combustion Breath |       |       |     4 |     4 ||     8
  Evoke: Wand              |       |       |    19 |     3 ||    22
         Lightning rod     |       |       |       |     1 ||     1
    Use: Potion            |     1 |       |     4 |     4 ||     9
         Scroll            |       |       |     9 |     8 ||    17
   Stab: Sleeping          |       |     2 |       |       ||     2
         Paralysed         |       |       |     2 |       ||     2
 Armour: Skin              |    73 |    86 |   249 |   260 ||   668
  Dodge: Dodged            |    71 |    85 |   174 |   243 ||   573
   Form: Beast             |       |     1 |     1 |     1 ||     3
                           |       |     1 |     1 |       ||     2
         Flux              |       |       |       |     3 ||     3
         Serpent           |       |       |       |     2 ||     2

Table legend: (Time is in decaauts)
 A = Elapsed time spent in this place.
 B = Non-inter-level travel time spent in this place.
 C = Inter-level travel time spent in this place.
 D = Time resting spent in this place.
 E = Time spent auto-exploring this place.
 F = Levels seen in this place.
 G = Mean time per level.
                   A        B        C        D        E       F      G
               +--------+--------+--------+--------+--------+-----+--------+
         Total |  15812 |  14502 |   1310 |   4115 |   6950 |  14 | 1129.4 |
       Dungeon |  14485 |  13176 |   1309 |   3839 |   6404 |  12 | 1207.1 |
          Lair |    415 |    415 |      0 |      8 |    311 |   1 |  415.0 |
      Gauntlet |    912 |    912 |      0 |    267 |    235 |   1 |  912.0 |
               +--------+--------+--------+--------+--------+-----+--------+

Top non-repeatable levels by time:
     D:6: 2497 daAuts
    D:10: 2392 daAuts
     D:7: 1416 daAuts
    D:11: 1409 daAuts
     D:5: 1261 daAuts
     D:9: 1193 daAuts
     D:8: 1110 daAuts
     D:1: 960 daAuts
Gauntlet: 912 daAuts
     D:2: 761 daAuts
     D:3: 749 daAuts
     D:4: 622 daAuts
  Lair:1: 415 daAuts
    D:12: 111 daAuts
